| TOP OF THE 1ST |
|
Port Lavaca Indians batting - Pitching for St. Pete Cardinals : LHP Hugo Torre
|
|
Pitching: LHP Hugo Torre
|
|
|
Batting: LHB William Tirado
|
0-0: Called Strike 0-1: Called Strike 0-2: Strikes out looking
|
|
Batting: RHB Robert Mills
|
0-0: Ball 1-0: Foul Ball, location: 2F 1-1: Swinging Strike 1-2: Strikes out swinging
|
|
Batting: LHB Wally Joyner
|
0-0: Ball 1-0: Foul Ball, location: 2F 1-1: Ball 2-1: Ground out U3 (Groundball, 3, EV 107.5 MPH)
|
| Top of the 1st over - 0 runs, 0 hits, 0 errors, 0 left on base; Port Lavaca 0 - St. Pete 0 |
| BOTTOM OF THE 1ST |
|
St. Pete Cardinals batting - Pitching for Port Lavaca Indians : LHP Lester Strode
|
|
Pitching: LHP Lester Strode
|
|
|
Batting: RHB John Roberts
|
0-0: Ball 1-0: Swinging Strike 1-1: Ball 2-1: Ball 3-1: Foul Ball, location: 2F 3-2: Base on Balls
|
|
Batting: RHB Victor Jimenez
|
0-0: Ball 1-0: Ball 2-0: Ball 3-0: Base on Balls John Roberts to second
|
|
Batting: RHB Joe Scime
|
0-0: Ball 1-0: SINGLE (Groundball, 34D, EV 94.4 MPH) John Roberts to third Victor Jimenez to second Runner from 3rd tries for Home, SAFE, throw by RF to home
|
|
Batting: RHB Eric Hardgrave
|
0-0: Called Strike 0-1: Ball 1-1: Swinging Strike 1-2: Strikes out swinging
|
|
Batting: RHB Sal Agostinelli
|
0-0: Ball 1-0: Fielders Choice at 2nd, 4-6 (Groundball, 4MS, EV 85.6 MPH) Victor Jimenez to third
|
|
Batting: RHB Omar Interiano
|
0-0: Called Strike 0-1: Called Strike 0-2: Strikes out swinging
|
| Bottom of the 1st over - 1 run, 1 hit, 0 errors, 2 left on base; Port Lavaca 0 - St. Pete 1 |
| TOP OF THE 2ND |
|
Port Lavaca Indians batting - Pitching for St. Pete Cardinals : LHP Hugo Torre
|
|
Batting: SHB John Rigos
|
0-0: Foul Ball, location: 2F 0-1: Ball 1-1: Ball 2-1: Called Strike 2-2: Ball 3-2: Fly out, F7 (Flyball, 78M, EV 81.9 MPH)
|
|
Batting: RHB Robbie Wine
|
0-0: Ball 1-0: Ball 2-0: Ground out 6-3 (Groundball, 6, EV 82.5 MPH)
|
|
Batting: RHB Jim Lindeman
|
0-0: Called Strike 0-1: Ball 1-1: Ball 2-1: Fly out, F9 (Flyball, 9LM, EV 83.1 MPH)
|
| Top of the 2nd over - 0 runs, 0 hits, 0 errors, 0 left on base; Port Lavaca 0 - St. Pete 1 |
| BOTTOM OF THE 2ND |
|
St. Pete Cardinals batting - Pitching for Port Lavaca Indians : LHP Lester Strode
|
|
Batting: LHB Kevin Birkofer
|
0-0: Ground out 4-3 (Groundball, 4, EV 99.4 MPH)
|
|
Batting: RHB Jose Mantilla
|
0-0: SINGLE (Flyball, 8RS, EV 98.8 MPH) - OUT at second base trying to stretch hit.
|
|
Batting: RHB Carlos Garcia
|
0-0: Called Strike 0-1: Foul Ball, location: 2F 0-2: Strikes out swinging
|
| Bottom of the 2nd over - 0 runs, 1 hit, 0 errors, 0 left on base; Port Lavaca 0 - St. Pete 1 |
| TOP OF THE 3RD |
|
Port Lavaca Indians batting - Pitching for St. Pete Cardinals : LHP Hugo Torre
|
|
Batting: LHB Antonio Huerta
|
0-0: Called Strike 0-1: Ball 1-1: Ball 2-1: Foul Ball, location: 2F 2-2: Ball 3-2: SINGLE (Groundball, 4M, EV 106.3 MPH) (infield hit)
|
|
Batting: RHB Richard Johnson
|
0-0: Called Strike 0-1: Ball 1-1: Ball 2-1: Fly out, F8 (Flyball, 8LS, EV 86.9 MPH)
|
|
Batting: LHB Raul Dominguez
|
0-0: Ball 1-0: Ball 2-0: Called Strike 2-1: SINGLE (Groundball, 3D, EV 95.6 MPH) Antonio Huerta to second Runner from 2nd tries for 3rd, SAFE, no throw by RF
|
|
Batting: LHB William Tirado
|
0-0: Called Strike 0-1: Ball 1-1: Ball 2-1: Foul Ball, location: 2F 2-2: Foul Ball, location: 2F 2-2: Strikes out swinging
|
|
Batting: RHB Robert Mills
|
0-0: Called Strike 0-1: Swinging Strike 0-2: Strikes out swinging
|
| Top of the 3rd over - 0 runs, 2 hits, 0 errors, 2 left on base; Port Lavaca 0 - St. Pete 1 |
| BOTTOM OF THE 3RD |
|
St. Pete Cardinals batting - Pitching for Port Lavaca Indians : LHP Lester Strode
|
|
Batting: RHB John Roberts
|
0-0: Called Strike 0-1: Ball 1-1: Ball 2-1: Ball 3-1: Fly out, F7 (Flyball, 7LM, EV 82.5 MPH)
|
|
Batting: RHB Victor Jimenez
|
0-0: Ball 1-0: Foul Ball, location: 2F 1-1: Ball 2-1: Ball 3-1: Foul Ball, location: 2F 3-2: Base on Balls
|
|
Batting: RHB Joe Scime
|
0-0: Swinging Strike 0-1: Foul Ball, location: 2F 0-2: Foul Ball, location: 2F 0-2: Ball Victor Jimenez is caught stealing 2nd base 2-4 1-2: Ground out 6-3 (Groundball, 6, EV 102.5 MPH)
|
| Bottom of the 3rd over - 0 runs, 0 hits, 0 errors, 0 left on base; Port Lavaca 0 - St. Pete 1 |
| TOP OF THE 4TH |
|
Port Lavaca Indians batting - Pitching for St. Pete Cardinals : LHP Hugo Torre
|
|
Batting: LHB Wally Joyner
|
0-0: Swinging Strike 0-1: Ball 1-1: Ball 2-1: SOLO HOME RUN (Flyball, 7D, EV 99.4 MPH), Distance : 359 ft
|
|
Batting: SHB John Rigos
|
0-0: Swinging Strike 0-1: Called Strike 0-2: Strikes out swinging
|
|
Batting: RHB Robbie Wine
|
0-0: Ball 1-0: Ball 2-0: Called Strike 2-1: Foul Ball, location: 2F 2-2: Ball 3-2: Base on Balls
|
|
Batting: RHB Jim Lindeman
|
0-0: Ball 1-0: Ball 2-0: Fielders Choice at 2nd, 6-4 (Groundball, 6, EV 90.6 MPH)
|
|
Batting: LHB Antonio Huerta
|
0-0: Ball 1-0: Ball Jim Lindeman steals 2nd base 2-0: Foul Ball, location: 2F 2-1: Ball 3-1: Foul Ball, location: 2F 3-2: Foul Ball, location: 2F 3-2: Base on Balls
|
|
Batting: RHB Richard Johnson
|
0-0: Called Strike 0-1: Called Strike 0-2: Strikes out swinging
|
| Top of the 4th over - 1 run, 1 hit, 0 errors, 2 left on base; Port Lavaca 1 - St. Pete 1 |
| BOTTOM OF THE 4TH |
|
St. Pete Cardinals batting - Pitching for Port Lavaca Indians : LHP Lester Strode
|
|
Batting: RHB Eric Hardgrave
|
0-0: Called Strike 0-1: Swinging Strike 0-2: Ball 1-2: Strikes out swinging
|
|
Batting: RHB Sal Agostinelli
|
0-0: Called Strike 0-1: Called Strike 0-2: Ball 1-2: Reached on error, E5 (Groundball, 56, EV 106.3 MPH)
|
|
Batting: RHB Omar Interiano
|
0-0: Ball 1-0: SINGLE (Line Drive, 89S, EV 105.0 MPH) Sal Agostinelli to second
|
|
Batting: LHB Kevin Birkofer
|
0-0: Called Strike 0-1: Ball 1-1: Swinging Strike 1-2: Fly out, F8 (Flyball, 8LM, EV 98.1 MPH)
|
|
Batting: RHB Jose Mantilla
|
0-0: Foul Ball, location: 2F 0-1: Swinging Strike 0-2: Strikes out swinging
|
| Bottom of the 4th over - 0 runs, 1 hit, 1 error, 2 left on base; Port Lavaca 1 - St. Pete 1 |
| TOP OF THE 5TH |
|
Port Lavaca Indians batting - Pitching for St. Pete Cardinals : LHP Hugo Torre
|
|
Batting: LHB Raul Dominguez
|
0-0: Swinging Strike 0-1: Ball 1-1: Called Strike 1-2: Strikes out swinging
|
|
Batting: LHB William Tirado
|
0-0: Called Strike 0-1: Ball 1-1: Ball 2-1: Ball 3-1: Fly out, F6 (Popup, 6S, EV 68.1 MPH)
|
|
Batting: RHB Robert Mills
|
0-0: Called Strike 0-1: Ball 1-1: Foul Ball, location: 2F 1-2: Ball 2-2: Strikes out swinging
|
| Top of the 5th over - 0 runs, 0 hits, 0 errors, 0 left on base; Port Lavaca 1 - St. Pete 1 |
| BOTTOM OF THE 5TH |
|
St. Pete Cardinals batting - Pitching for Port Lavaca Indians : LHP Lester Strode
|
|
Batting: RHB Carlos Garcia
|
0-0: Called Strike 0-1: Swinging Strike 0-2: Ball 1-2: Foul Ball, location: 2F 1-2: Ball 2-2: Strikes out swinging
|
|
Batting: RHB John Roberts
|
0-0: Ball 1-0: Ball 2-0: Ground out 2-3 (Groundball, 15S, EV 60.6 MPH)
|
|
Batting: RHB Victor Jimenez
|
0-0: Ball 1-0: Ball 2-0: Called Strike 2-1: Fly out, F7 (Flyball, 7LD, EV 86.3 MPH)
|
| Bottom of the 5th over - 0 runs, 0 hits, 0 errors, 0 left on base; Port Lavaca 1 - St. Pete 1 |
| TOP OF THE 6TH |
|
Port Lavaca Indians batting - Pitching for St. Pete Cardinals : LHP Hugo Torre
|
|
Batting: LHB Wally Joyner
|
0-0: Swinging Strike 0-1: Called Strike 0-2: Ball 1-2: SOLO HOME RUN (Flyball, 7LD, EV 92.5 MPH), Distance : 362 ft
|
|
Batting: SHB John Rigos
|
0-0: Called Strike 0-1: Foul Ball, location: 2F 0-2: SINGLE (Groundball, 23, EV 86.3 MPH) (infield hit)
|
|
Batting: RHB Robbie Wine
|
0-0: Ball 1-0: Called Strike 1-1: Grounds into double play, 6-4-3 (Groundball, 6M, EV 90.0 MPH)
|
|
Batting: RHB Jim Lindeman
|
0-0: Called Strike 0-1: Swinging Strike 0-2: Ball 1-2: Ball 2-2: Foul Ball, location: 2F 2-2: Foul Ball, location: 2F 2-2: Foul Ball, location: 2F 2-2: Ball 3-2: Foul Ball, location: 2F 3-2: Strikes out looking
|
| Top of the 6th over - 1 run, 2 hits, 0 errors, 0 left on base; Port Lavaca 2 - St. Pete 1 |
| BOTTOM OF THE 6TH |
|
St. Pete Cardinals batting - Pitching for Port Lavaca Indians : LHP Lester Strode
|
|
Batting: RHB Joe Scime
|
0-0: Ball 1-0: Fly out, F7 (Flyball, 78S, EV 80.6 MPH)
|
|
Batting: RHB Eric Hardgrave
|
0-0: Fly out, F7 (Flyball, 7LD, EV 80.6 MPH)
|
|
Batting: RHB Sal Agostinelli
|
0-0: Swinging Strike 0-1: Ball 1-1: Ball 2-1: Ball 3-1: Base on Balls
|
|
Batting: RHB Omar Interiano
|
0-0: Ball 1-0: Fielders Choice at 2nd, 6-4 (Groundball, 6, EV 88.8 MPH)
|
| Bottom of the 6th over - 0 runs, 0 hits, 0 errors, 1 left on base; Port Lavaca 2 - St. Pete 1 |
| TOP OF THE 7TH |
|
Port Lavaca Indians batting - Pitching for St. Pete Cardinals : LHP Hugo Torre
|
|
Batting: LHB Antonio Huerta
|
0-0: Ball 1-0: Ball 2-0: Called Strike 2-1: SINGLE (Groundball, 6M, EV 100.0 MPH)
|
|
Batting: RHB Richard Johnson
|
0-0: Ball 1-0: Foul Ball, location: 2F 1-1: Ball 2-1: Foul Ball, location: 2F 2-2: Ground out 5-3 (Groundball, 5S, EV 67.5 MPH) Antonio Huerta to second
|
|
Pitching: RHP Kevin Irot
|
|
|
Batting: LHB Raul Dominguez
|
0-0: Swinging Strike 0-1: Foul Ball, location: 2F 0-2: Foul Ball, location: 2F 0-2: Strikes out swinging
|
|
Batting: LHB William Tirado
|
0-0: Called Strike 0-1: Called Strike 0-2: DOUBLE (Flyball, 78D, EV 106.3 MPH) Antonio Huerta scores
|
|
Batting: RHB Robert Mills
|
0-0: Foul Ball, location: 2F 0-1: Called Strike 0-2: Ground out 5-3 (Groundball, 56S, EV 73.8 MPH)
|
| Top of the 7th over - 1 run, 2 hits, 0 errors, 1 left on base; Port Lavaca 3 - St. Pete 1 |
| BOTTOM OF THE 7TH |
|
St. Pete Cardinals batting - Pitching for Port Lavaca Indians : LHP Lester Strode
|
|
Batting: LHB Kevin Birkofer
|
0-0: Ball 1-0: Fly out, F9 (Flyball, 9S, EV 84.4 MPH)
|
|
Batting: RHB Jose Mantilla
|
0-0: Called Strike 0-1: Ball 1-1: Ball 2-1: Ball 3-1: Base on Balls
|
|
Batting: RHB Carlos Garcia
|
0-0: Ball 1-0: Called Strike 1-1: Ball 2-1: Ball 3-1: Base on Balls Jose Mantilla to second
|
|
Batting: RHB John Roberts
|
0-0: Called Strike 0-1: Called Strike 0-2: Fly out, F3 (Flyball, 3D, EV 93.8 MPH)
|
|
Batting: RHB Victor Jimenez
|
0-0: Ball 1-0: Called Strike 1-1: Ball 2-1: Foul Ball, location: 2F 2-2: Ball 3-2: Foul Ball, location: 2F 3-2: Fly out, F7 (Line Drive, 7, EV 106.3 MPH)
|
| Bottom of the 7th over - 0 runs, 0 hits, 0 errors, 2 left on base; Port Lavaca 3 - St. Pete 1 |
| TOP OF THE 8TH |
|
Port Lavaca Indians batting - Pitching for St. Pete Cardinals : RHP Kevin Irot
|
|
Batting: LHB Wally Joyner
|
0-0: Ball 1-0: Ball 2-0: Ball 3-0: Base on Balls
|
|
Batting: SHB John Rigos
|
0-0: Ball 1-0: Fly out, F3 (Line Drive, 34, EV 85.0 MPH)
|
|
Batting: RHB Robbie Wine
|
0-0: Called Strike 0-1: Ground out 5-3 (Groundball, 5S, EV 70.0 MPH) Wally Joyner to second
|
|
Batting: RHB Jim Lindeman
|
0-0: Fly out, F8 (Flyball, 8LS, EV 89.4 MPH)
|
| Top of the 8th over - 0 runs, 0 hits, 0 errors, 1 left on base; Port Lavaca 3 - St. Pete 1 |
| BOTTOM OF THE 8TH |
|
St. Pete Cardinals batting - Pitching for Port Lavaca Indians : LHP Lester Strode
|
|
Batting: RHB Joe Scime
|
0-0: Ball 1-0: Ball 2-0: Ball 3-0: Called Strike 3-1: Base on Balls
|
|
Pitching: RHP Mark Leonette
|
|
|
Batting: RHB Eric Hardgrave
|
0-0: Ball 1-0: Foul Ball, location: 2F 1-1: Ball 2-1: Called Strike 2-2: Grounds into double play, 5-4-3 (Groundball, 56, EV 83.1 MPH)
|
|
Batting: RHB Sal Agostinelli
|
0-0: Called Strike 0-1: Ball 1-1: Fly out, F8 (Flyball, 89D, EV 97.5 MPH)
|
| Bottom of the 8th over - 0 runs, 0 hits, 0 errors, 0 left on base; Port Lavaca 3 - St. Pete 1 |
| TOP OF THE 9TH |
|
Port Lavaca Indians batting - Pitching for St. Pete Cardinals : RHP Kevin Irot
|
|
Pitching: RHP Dave W Johnson
|
|
|
Batting: LHB Antonio Huerta
|
0-0: Ball 1-0: Ball 2-0: Called Strike 2-1: Ball 3-1: Foul Ball, location: 2F 3-2: Foul Ball, location: 2F 3-2: Base on Balls
|
|
Batting: RHB Richard Johnson
|
0-0: Called Strike 0-1: Ball 1-1: Ball 2-1: Called Strike 2-2: Strikes out swinging
|
|
Batting: LHB Raul Dominguez
|
0-0: Ball 1-0: Foul Ball, location: 2F 1-1: Foul Ball, location: 2F 1-2: Strikes out swinging
|
|
Batting: LHB William Tirado
|
0-0: Ground out 4-3 (Groundball, 34, EV 81.3 MPH)
|
| Top of the 9th over - 0 runs, 0 hits, 0 errors, 1 left on base; Port Lavaca 3 - St. Pete 1 |
| BOTTOM OF THE 9TH |
|
St. Pete Cardinals batting - Pitching for Port Lavaca Indians : RHP Mark Leonette
|
|
Pitching: RHP David Lesch
|
|
|
Now in RF: Ralph Sheffield
|
|
|
Batting: RHB Omar Interiano
|
0-0: Swinging Strike 0-1: Ball 1-1: Ball 2-1: Fly out, F8 (Flyball, 78M, EV 93.8 MPH)
|
|
Batting: LHB Kevin Birkofer
|
0-0: Ball 1-0: Swinging Strike 1-1: Ball 2-1: Ball 3-1: Base on Balls
|
|
Pinch Hitting: LHB Scott Campbell
|
0-0: Called Strike 0-1: Called Strike 0-2: Ball 1-2: Ball 2-2: Strikes out swinging
|
|
Pinch Hitting: RHB John Marquardt
|
0-0: Swinging Strike 0-1: Ball 1-1: Swinging Strike 1-2: Foul Ball, location: 2F 1-2: Ball 2-2: Strikes out swinging
|
| Bottom of the 9th over - 0 runs, 0 hits, 0 errors, 1 left on base; Port Lavaca 3 - St. Pete 1 |
|